ESL (28 & UNDER)
READING RAINBOWS @ RIO GRANDE RATTLESNAKE
09/19/2029
 
TOP OF THE 1ST
Reading Rainbows batting - Pitching for Rio Grande Rattlesnake : LHP António Rodríguez
Pitching: LHP António Rodríguez
Batting: SHB Travis Martin 0-0: Foul Ball, location: 2F
0-1: Foul Ball, location: 2F
0-2: Ball
1-2: Foul Ball, location: 2F
1-2: Ground out 6-3 (Groundball, 6M)
Batting: LHB Ramón Morán 0-0: Ball
1-0: Called Strike
1-1: Ground out 1-3 (Groundball, P)
Batting: RHB José Moreno 0-0: Ball
1-0: Ball
2-0: Ball
3-0: Called Strike
3-1: Base on Balls
Batting: RHB Ethan Moore 0-0: Ball
1-0: Ball
2-0: Ball
Wild Pitch!
José Moreno to second
3-0: Called Strike
3-1: Foul Ball, location: 2F
3-2: Strikes out looking
Top of the 1st over - 0 runs, 0 hits, 0 errors, 1 left on base; Reading 0 - Rio Grande 0
BOTTOM OF THE 1ST
Rio Grande Rattlesnake batting - Pitching for Reading Rainbows : RHP Lane Lund
Pitching: RHP Lane Lund
Batting: LHB Shawn Brown 0-0: Called Strike
0-1: Swinging Strike
0-2: Foul Ball, location: 2F
0-2: Ball
1-2: Ball
2-2: Strikes out swinging, 2-3 out at first.
Batting: LHB Tony Ayala 0-0: Ball
1-0: Fly out, F7 (Flyball, 78D)
Batting: SHB Luis López 0-0: Ball
1-0: Called Strike
1-1: Called Strike
1-2: Strikes out swinging, 2-3 out at first.
Bottom of the 1st over - 0 runs, 0 hits, 0 errors, 0 left on base; Reading 0 - Rio Grande 0
TOP OF THE 2ND
Reading Rainbows batting - Pitching for Rio Grande Rattlesnake : LHP António Rodríguez
Batting: RHB Richard Case 0-0: Swinging Strike
0-1: Ground out U3 (Groundball, 34S)
Batting: RHB Edmund Swanson 0-0: Swinging Strike
0-1: Ball
1-1: Ball
2-1: Foul Ball, location: 2F
2-2: Foul Ball, location: 2F
2-2: Ball
3-2: Base on Balls
Batting: LHB Ryan Flynn 0-0: Ground out U3 (Groundball, 3L)
Edmund Swanson to second
Batting: RHB Carlos Palomón 0-0: Reached on error, E6 (Groundball, 6)
Edmund Swanson to third
Batting: LHB Dennis McConnell 0-0: Called Strike
0-1: Called Strike
Carlos Palomón is caught stealing 2nd base
Top of the 2nd over - 0 runs, 0 hits, 1 error, 1 left on base; Reading 0 - Rio Grande 0
BOTTOM OF THE 2ND
Rio Grande Rattlesnake batting - Pitching for Reading Rainbows : RHP Lane Lund
Batting: LHB Clayton Bailey 0-0: Called Strike
0-1: Ball
1-1: Ball
2-1: Reached on error, E6 (Groundball, 6)
Batting: SHB Arnold Moore 0-0: Ball
1-0: Fly out, F9 (Flyball, 89M)
Batting: RHB Doug Delaney 0-0: Ball
1-0: Foul Ball, location: 2F
1-1: Foul Ball, location: 2F
1-2: Strikes out swinging
Batting: RHB Matt Dickson 0-0: Called Strike
0-1: Called Strike
0-2: Fly out, F5 (Line Drive, 5)
Bottom of the 2nd over - 0 runs, 0 hits, 1 error, 1 left on base; Reading 0 - Rio Grande 0
TOP OF THE 3RD
Reading Rainbows batting - Pitching for Rio Grande Rattlesnake : LHP António Rodríguez
Batting: LHB Dennis McConnell 0-0: Ball
1-0: Swinging Strike
1-1: Ball
2-1: Foul Ball, location: 2F
2-2: Foul Ball, location: 2F
2-2: Foul Ball, location: 2F
2-2: Ball
3-2: Strikes out swinging
Batting: SHB Travis Martin 0-0: Ball
1-0: Ball
2-0: Ball
3-0: Called Strike
3-1: Base on Balls
Batting: LHB Ramón Morán 0-0: Called Strike
0-1: Foul Ball, location: 2F
0-2: Ball
Wild Pitch!
Travis Martin to second
1-2: Ball
2-2: Foul Ball, location: 2F
2-2: Ball
3-2: Foul Ball, location: 2F
3-2: Base on Balls
Batting: RHB José Moreno 0-0: Ball
1-0: Fly out, F7 (Flyball, 7)
Batting: RHB Ethan Moore 0-0: Called Strike
0-1: Ball
1-1: Foul Ball, location: 2F
1-2: Foul Ball, location: 2F
1-2: Strikes out swinging
Top of the 3rd over - 0 runs, 0 hits, 0 errors, 2 left on base; Reading 0 - Rio Grande 0
BOTTOM OF THE 3RD
Rio Grande Rattlesnake batting - Pitching for Reading Rainbows : RHP Lane Lund
Batting: RHB José Méndez 0-0: DOUBLE (Line Drive, 3D)
Batting: RHB Geomar Dalsoglio 0-0: Called Strike
0-1: Fly out, F6 (Popup, 6)
Batting: LHB Shawn Brown 0-0: Ball
1-0: Foul Ball, location: 2F
1-1: Ball
2-1: Foul Ball, location: 2F
2-2: Foul Ball, location: 2F
2-2: Ball
3-2: Base on Balls
Batting: LHB Tony Ayala 0-0: Foul Ball, location: 2F
0-1: Ball
1-1: Ball
2-1: Swinging Strike
2-2: Strikes out swinging
Batting: SHB Luis López 0-0: Ball
1-0: Ground out 4-3 (Groundball, 34D)
Bottom of the 3rd over - 0 runs, 1 hit, 0 errors, 2 left on base; Reading 0 - Rio Grande 0
TOP OF THE 4TH
Reading Rainbows batting - Pitching for Rio Grande Rattlesnake : LHP António Rodríguez
Batting: RHB Richard Case 0-0: Called Strike
0-1: Ball
1-1: Fly out, F9 (Flyball, 89M)
Batting: RHB Edmund Swanson 0-0: Called Strike
0-1: Swinging Strike
0-2: Ball
1-2: Strikes out looking
Batting: LHB Ryan Flynn 0-0: Called Strike
0-1: Ball
1-1: Called Strike
1-2: Ball
2-2: Ball
3-2: Base on Balls
Batting: RHB Carlos Palomón 0-0: Called Strike
0-1: Ball
1-1: Ball
2-1: Called Strike
2-2: Strikes out swinging
Top of the 4th over - 0 runs, 0 hits, 0 errors, 1 left on base; Reading 0 - Rio Grande 0
BOTTOM OF THE 4TH
Rio Grande Rattlesnake batting - Pitching for Reading Rainbows : RHP Lane Lund
Batting: LHB Clayton Bailey 0-0: Ball
1-0: SINGLE (Line Drive, 6M)
Batting: SHB Arnold Moore 0-0: Fly out, F8 (Flyball, 89D)
Batting: RHB Doug Delaney 0-0: Called Strike
0-1: Swinging Strike
0-2: Ball
1-2: Strikes out swinging
Batting: RHB Matt Dickson 0-0: Ball
1-0: Fielders Choice at 2nd, 5-4 (Groundball, 56)
Bottom of the 4th over - 0 runs, 1 hit, 0 errors, 1 left on base; Reading 0 - Rio Grande 0
TOP OF THE 5TH
Reading Rainbows batting - Pitching for Rio Grande Rattlesnake : LHP António Rodríguez
Batting: LHB Dennis McConnell 0-0: DOUBLE (Line Drive, 9LM)
Batting: SHB Travis Martin 0-0: Foul Ball, location: 2F
0-1: Ball
1-1: Ball
2-1: Called Strike
2-2: Ball
3-2: Base on Balls
Batting: LHB Ramón Morán 0-0: Ball
1-0: Swinging Strike
1-1: Ball
2-1: Ball
3-1: Base on Balls
Dennis McConnell to third
Travis Martin to second
Batting: RHB José Moreno 0-0: Foul Ball, location: 2F
0-1: Fly out, F8 (Flyball, 8RD)
Throwing error, E8
Dennis McConnell scores
Travis Martin to third
Ramón Morán to second
Pitching: RHP Nelson Britt
Batting: RHB Ethan Moore 0-0: SINGLE (Line Drive, 4)
Travis Martin scores
Ramón Morán to third
Runner from 3rd tries for Home, SAFE, no throw
Batting: RHB Richard Case 0-0: Ball
1-0: SINGLE (Flyball, 9LS)
Ethan Moore to second
Runner from 2nd tries for 3rd, SAFE, no throw
Batting: RHB Edmund Swanson 0-0: Ball
Richard Case is caught stealing 2nd base
1-0: Ball
2-0: Ball
3-0: Called Strike
3-1: Called Strike
3-2: Base on Balls
Batting: LHB Ryan Flynn 0-0: SINGLE (Groundball, 34S) (infield hit)
Ethan Moore scores
Edmund Swanson to second
Batting: RHB Carlos Palomón 0-0: SINGLE (Flyball, 8LS)
Edmund Swanson to third
Ryan Flynn to second
Runner from 3rd tries for Home, SAFE, no throw
Batting: LHB Dennis McConnell 0-0: Called Strike
0-1: Called Strike
0-2: Ball
1-2: Foul Ball, location: 2F
1-2: Strikes out swinging
Top of the 5th over - 5 runs, 5 hits, 1 error, 2 left on base; Reading 5 - Rio Grande 0
BOTTOM OF THE 5TH
Rio Grande Rattlesnake batting - Pitching for Reading Rainbows : RHP Lane Lund
Batting: RHB José Méndez 0-0: Ball
1-0: Called Strike
1-1: Called Strike
1-2: Strikes out swinging
Batting: RHB Geomar Dalsoglio 0-0: Called Strike
0-1: Ball
1-1: Called Strike
1-2: Strikes out swinging
Batting: LHB Shawn Brown 0-0: Called Strike
0-1: Ball
1-1: DOUBLE (Flyball, 89D)
Batting: LHB Tony Ayala 0-0: Called Strike
0-1: Ball
1-1: Called Strike
1-2: Ball
Passed Ball!
Shawn Brown to third
2-2: Foul Ball, location: 2F
2-2: Strikes out looking
Bottom of the 5th over - 0 runs, 1 hit, 0 errors, 1 left on base; Reading 5 - Rio Grande 0
TOP OF THE 6TH
Reading Rainbows batting - Pitching for Rio Grande Rattlesnake : RHP Nelson Britt
Batting: SHB Travis Martin 0-0: Ball
1-0: Ball
2-0: Ball
3-0: Called Strike
3-1: SINGLE (Line Drive, 89S)
Batting: LHB Ramón Morán 0-0: Foul Ball, location: 2F
0-1: Ball
1-1: Foul Ball, location: 2F
1-2: Ball
2-2: Fielders Choice at 2nd, 4-6 (Groundball, 34)
Batting: RHB José Moreno 0-0: SINGLE (Groundball, 34D)
Ramón Morán to second
Runner from 2nd tries for 3rd, SAFE, no throw
Batting: RHB Ethan Moore 0-0: Called Strike
0-1: Foul Ball, location: 2F
0-2: Ball
1-2: Foul Ball, location: 2F
1-2: Foul Ball, location: 2F
1-2: Ball
2-2: Strikes out swinging
Batting: RHB Richard Case 0-0: SINGLE (Line Drive, 7S)
Ramón Morán scores
José Moreno to second
Batting: RHB Edmund Swanson 0-0: Called Strike
0-1: Foul Ball, location: 2F
0-2: SINGLE (Line Drive, 8RS)
José Moreno to third
Richard Case to second
Runner from 3rd tries for Home, SAFE, throw made home
Batting: LHB Ryan Flynn 0-0: Called Strike
0-1: Ball
1-1: Called Strike
1-2: Foul Ball, location: 2F
1-2: Foul Ball, location: 2F
1-2: Foul Ball, location: 2F
1-2: Strikes out swinging
Top of the 6th over - 2 runs, 4 hits, 0 errors, 2 left on base; Reading 7 - Rio Grande 0
BOTTOM OF THE 6TH
Rio Grande Rattlesnake batting - Pitching for Reading Rainbows : RHP Lane Lund
Batting: SHB Luis López 0-0: Ball
1-0: Foul Ball, location: 2F
1-1: Ball
2-1: Ball
3-1: Foul Ball, location: 2F
3-2: Foul Ball, location: 2F
3-2: Foul Ball, location: 2F
3-2: Foul Ball, location: 2F
3-2: Ground out 4-3 (Groundball, 4)
Batting: LHB Clayton Bailey 0-0: Called Strike
0-1: Ball
1-1: Foul Ball, location: 2F
1-2: Foul Ball, location: 2F
1-2: Foul Ball, location: 2F
1-2: Fly out, F6 (Popup, 6S)
Batting: SHB Arnold Moore 0-0: Called Strike
0-1: Called Strike
0-2: Ball
1-2: Ball
2-2: Ground out 3-1 (Groundball, 34)
Bottom of the 6th over - 0 runs, 0 hits, 0 errors, 0 left on base; Reading 7 - Rio Grande 0
TOP OF THE 7TH
Reading Rainbows batting - Pitching for Rio Grande Rattlesnake : RHP Nelson Britt
Batting: RHB Carlos Palomón 0-0: Swinging Strike
0-1: Ball
1-1: Foul Ball, location: 2F
1-2: Ball
2-2: Strikes out looking
Batting: LHB Dennis McConnell 0-0: Ball
1-0: SINGLE (Groundball, 6MD)
Batting: SHB Travis Martin 0-0: Called Strike
0-1: SINGLE (Groundball, 3) (infield hit)
Dennis McConnell to second
Batting: LHB Ramón Morán 0-0: Foul Ball, location: 2F
0-1: Ball
1-1: Fly out, F5 (Popup, 5S)
Batting: RHB José Moreno 0-0: Ball
1-0: Foul Ball, location: 2F
1-1: Fly out, F6 (Line Drive, 6)
Top of the 7th over - 0 runs, 2 hits, 0 errors, 2 left on base; Reading 7 - Rio Grande 0
BOTTOM OF THE 7TH
Rio Grande Rattlesnake batting - Pitching for Reading Rainbows : RHP Lane Lund
Batting: RHB Doug Delaney 0-0: Ball
1-0: Foul Ball, location: 2F
1-1: Swinging Strike
1-2: Strikes out looking
Batting: RHB Matt Dickson 0-0: Called Strike
0-1: Ball
1-1: Fly out, F7 (Flyball, 7LMF)
Batting: RHB José Méndez 0-0: Ball
1-0: Ball
2-0: Called Strike
2-1: Fly out, F8 (Flyball, 8RD)
Bottom of the 7th over - 0 runs, 0 hits, 0 errors, 0 left on base; Reading 7 - Rio Grande 0
TOP OF THE 8TH
Reading Rainbows batting - Pitching for Rio Grande Rattlesnake : RHP Nelson Britt
Batting: RHB Ethan Moore 0-0: Ball
1-0: Swinging Strike
1-1: SINGLE (Groundball, 6MD)
Pitching: RHP José Amaya
Batting: RHB Richard Case 0-0: Called Strike
0-1: Ball
1-1: Fly out, F7 (Flyball, 7LD)
Batting: RHB Edmund Swanson 0-0: Fly out, F5 (Line Drive, 56)
Batting: LHB Ryan Flynn 0-0: Foul Ball, location: 2F
0-1: Swinging Strike
0-2: Ball
1-2: Ball
2-2: Strikes out looking
Top of the 8th over - 0 runs, 1 hit, 0 errors, 1 left on base; Reading 7 - Rio Grande 0
BOTTOM OF THE 8TH
Rio Grande Rattlesnake batting - Pitching for Reading Rainbows : RHP Lane Lund
Pitching: LHP Ánibal Barajas
Batting: RHB Geomar Dalsoglio 0-0: Swinging Strike
0-1: Called Strike
0-2: Hit by Pitch
Batting: LHB Shawn Brown 0-0: Ball
1-0: Swinging Strike
1-1: Swinging Strike
1-2: SINGLE (Flyball, 4MD)
Geomar Dalsoglio to second
Runner from 2nd tries for 3rd, SAFE, no throw
Batting: LHB Tony Ayala 0-0: Fielders Choice at 2nd, 1-6 (Groundball, 13)
Batting: SHB Luis López 0-0: Ball
1-0: Ball
2-0: SINGLE (Flyball, 8RS)
Geomar Dalsoglio scores
Tony Ayala to second
Batting: LHB Clayton Bailey 0-0: Ball
1-0: Ball
2-0: Called Strike
2-1: Ground out U3 (Groundball, 34S)
Tony Ayala to third
Luis López to second
Batting: SHB Arnold Moore 0-0: Ground out 5-3 (Groundball, 56S)
Bottom of the 8th over - 1 run, 2 hits, 0 errors, 2 left on base; Reading 7 - Rio Grande 1
TOP OF THE 9TH
Reading Rainbows batting - Pitching for Rio Grande Rattlesnake : RHP José Amaya
Pitching: RHP Gilberto Delgado
Batting: RHB Carlos Palomón 0-0: Foul Ball, location: 2F
0-1: Ball
1-1: Swinging Strike
1-2: SINGLE (Flyball, 9S)
Batting: LHB Dennis McConnell 0-0: Foul Ball, location: 2F
0-1: Called Strike
0-2: SINGLE (Flyball, 78S)
Carlos Palomón to second
Batting: SHB Travis Martin 0-0: Called Strike
0-1: Ball
1-1: Foul Ball, location: 2F
1-2: Ball
2-2: Strikes out swinging
Batting: LHB Ramón Morán 0-0: Foul Ball, location: 2F
0-1: Ball
Carlos Palomón steals 3rd base
1-1: Ball
2-1: Foul Ball, location: 2F
2-2: Fly out, F8 (Flyball, 8RD)
Runner from 3rd tags up, SCORES, no throw
Batting: RHB José Moreno 0-0: Called Strike
0-1: Ball
1-1: Fly out, F4 (Popup, 34)
Top of the 9th over - 1 run, 2 hits, 0 errors, 1 left on base; Reading 8 - Rio Grande 1
BOTTOM OF THE 9TH
Rio Grande Rattlesnake batting - Pitching for Reading Rainbows : LHP Ánibal Barajas
Now at 1B: Hubert Brown
Now in LF: Arturo Álvarez
Batting: RHB Doug Delaney 0-0: Reached on error, E1 (Groundball, 15S)
Batting: RHB Matt Dickson 0-0: Called Strike
0-1: Foul Ball, location: 2F
0-2: Ball
1-2: Strikes out swinging
Batting: RHB José Méndez 0-0: Ball
1-0: Swinging Strike
1-1: Foul Ball, location: 2F
1-2: SINGLE (Flyball, 8RS)
Doug Delaney to third
Batting: RHB Geomar Dalsoglio 0-0: Ball
1-0: Ball
2-0: Ball
3-0: Base on Balls
José Méndez to second
Batting: LHB Shawn Brown 0-0: Ball
1-0: Ball
2-0: Ball
3-0: Base on Balls
Doug Delaney scores
José Méndez to third
Geomar Dalsoglio to second
Batting: LHB Tony Ayala 0-0: Ball
1-0: Foul Ball, location: 2F
1-1: Ball
2-1: Swinging Strike
2-2: Foul Ball, location: 2F
2-2: Foul Ball, location: 2F
2-2: Ball
3-2: SINGLE (Line Drive, 6D)
José Méndez scores
Geomar Dalsoglio to third
Shawn Brown to second
Pitching: RHP Jesús Manuel
Batting: SHB Luis López 0-0: Fielders Choice at 2nd, 5-4 (Groundball, 5)
Geomar Dalsoglio scores
Shawn Brown to third
Batting: LHB Clayton Bailey 0-0: Ground out 6-3 (Groundball, 6S)
Bottom of the 9th over - 3 runs, 2 hits, 1 error, 2 left on base; Reading 8 - Rio Grande 4
Saturday, December 16th, 2017 - OOTP Baseball 18.8 Build 76